Flyers vs Devils
(R1)
Created - 12 octobre 2014 at 19:05
Goals
|
| Flyers |
2 |
1 |
3 |
0 |
1 |
6 |
| Devils |
1 |
0 |
5 |
0 |
2 |
7 |
|
Shots
|
| Flyers |
13 |
6 |
10 |
3 |
5 |
32 |
| Devils |
16 |
2 |
15 |
1 |
5 |
34 |
|
1st period
1. Flyers , Paul Gaustad 3 (Miroslav Satan) at 11:15
2. Flyers , Paul Gaustad 4 (Miroslav Satan, Trevor Daley) at 12:10
3. Devils , Patric Hornqvist 4 (Stephen Weiss) at 19:18
Penalties :
Michael Ryder (Phi) for Hooking (Minor) at 8:11
2nd period
4. Flyers , Andrei Markov 1 (Paul Gaustad, Jonathan Ericsson) at 18:58 (PP)
Penalties :
Andrej Meszaros (NJD) for Interference (Minor) at 4:04, Maxim Afinogenov (NJD) for High sticking (Minor) at 18:22
3rd period
5. Flyers , Andrei Markov 2 (Jonathan Ericsson) at 0:58 (PP)
6. Devils , Chris Mcallister 1 (Mike Komisarek, Patrick Eaves) at 3:44
7. Devils , Maxim Afinogenov 9 (Stephen Weiss) at 3:58 (PP)
8. Devils , Stephen Weiss 3 (Maxim Afinogenov, Greg Stewart) at 9:42 (PP)
9. Devils , Vincent Lecavalier 5 (Mike Lundin, Patric Hornqvist) at 10:50 (PP)
10. Flyers , Ryane Clowe 3 (Michael Ryder, Andrei Markov) at 13:04
11. Devils , Vincent Lecavalier 6 (Ladislav Nagy, Stephen Weiss) at 13:35
12. Flyers , Ryane Clowe 4 (Jeff O'Neill) at 18:48
Penalties :
Ladislav Nagy (NJD) for High sticking (Minor) at 0:42, Trevor Daley (Phi) for Interference (Minor) at 3:57, Paul Gaustad (Phi) for Slashing (Double Minor) at 9:26, Jonathan Ericsson (Phi) for Hooking (Minor) at 10:04, Scottie Upshall (Phi) for Hooking (Minor) at 19:49
Overtime #1
No Goal
Penalties :
No Penalty
Shootout
Penalty Shot by Sydney Crosby for Flyers - Goal!
Penalty Shot by Vincent Lecavalier for Devils - Stopped by Antti Niemi
Penalty Shot by Jeff O'Neill for Flyers - Stopped by Viktor Fasth
Penalty Shot by Patric Hornqvist for Devils - Goal!
Penalty Shot by Miroslav Satan for Flyers - Stopped by Viktor Fasth
Penalty Shot by Maxim Afinogenov for Devils - Shot Misses the Net
Penalty Shot by Matthew Lombardi for Flyers - Stopped by Viktor Fasth
Penalty Shot by Stephen Weiss for Devils - Stopped by Antti Niemi
Penalty Shot by Michael Ryder for Flyers - Stopped by Viktor Fasth
Penalty Shot by Guillaume Latendresse for Devils - Goal!
Penalties :
No Penalty
Goalie Stats
Antti Niemi (Phi), 28 saves from 34 shots - (0,824), OTL, 2-2-3, 65:00 minutes
Viktor Fasth (NJD), 26 saves from 32 shots - (0,813), W, 6-1-0, 65:00 minutes
Players Stats for Flyers
Player Name G A P +/- PIM S H SB GA TA FO MP PP MP PK MP
------------------------------------------------------------------------------------
Andrei Markov 2 1 3 3 0 5 0 1 0 0 0/0 26:09 1:59 0:00
Brett Lebda 0 0 0 -3 0 0 0 1 1 0 0/0 20:30 0:52 2:14
Derek Boogaard 0 0 0 -2 0 1 2 0 0 1 0/0 21:22 1:31 0:38
Jeff O'Neill 0 1 1 2 0 1 2 0 1 0 7/9 15:16 0:00 1:55
Jonathan Ericsson 0 2 2 2 2 0 1 1 1 1 0/0 22:59 1:59 3:11
Ladislav Smid 0 0 0 2 0 1 2 0 0 3 0/0 24:13 0:00 4:22
Martin St. Louis 0 0 0 -2 0 3 0 0 0 1 3/4 20:26 1:34 0:00
Matthew Lombardi 0 0 0 0 0 2 0 0 0 0 1/11 12:40 0:00 4:36
Michael Ryder 0 1 1 2 2 4 1 0 1 0 0/0 12:59 0:00 0:00
Miroslav Satan 0 2 2 1 0 0 2 0 1 1 0/0 15:17 1:17 0:00
Pascal Dupuis 0 0 0 0 0 1 1 0 1 0 0/1 10:40 0:00 2:37
Paul Gaustad 2 1 3 1 4 4 3 1 1 0 5/11 16:36 1:17 0:05
Petr Schastlivy 0 0 0 0 0 1 0 0 0 0 0/0 8:33 0:03 0:00
Ryane Clowe 2 0 2 2 0 7 2 1 0 0 0/1 14:35 1:17 0:46
Scott Hannan 0 0 0 -3 0 0 1 0 0 0 0/0 17:34 0:00 1:10
Scottie Upshall 0 0 0 1 2 0 0 2 0 0 1/1 13:44 0:00 0:00
Sydney Crosby 0 0 0 -2 0 1 3 2 0 1 10/29 20:27 1:34 0:00
Trevor Daley 0 1 1 1 2 1 2 0 1 0 0/0 18:33 0:52 2:14
Players Stats for Devils
Player Name G A P +/- PIM S H SB GA TA FO MP PP MP PK MP
------------------------------------------------------------------------------------
Andrej Meszaros 0 0 0 0 2 0 0 0 1 0 0/0 15:47 3:28 0:00
Antti Miettinen 0 0 0 -2 0 4 3 0 1 0 0/0 13:22 0:11 1:57
Ben Lovejoy 0 0 0 0 0 2 3 1 0 1 0/0 18:25 1:19 0:00
Brad Ference 0 0 0 -1 0 0 0 0 1 0 0/0 19:57 0:00 1:04
Chris Mcallister 1 0 1 1 0 2 1 0 0 2 0/0 9:38 0:08 0:21
Dustin Boyd 0 0 0 -2 0 1 2 0 1 0 2/5 10:15 0:00 0:00
Greg Stewart 0 1 1 -2 0 2 0 0 0 0 2/2 13:38 2:48 0:33
Guillaume Latendresse 0 0 0 1 0 2 4 0 0 0 1/3 20:49 1:36 0:00
Jason Arnott 0 0 0 1 0 2 2 0 0 0 8/9 13:05 0:36 1:57
Jay Bouwmeester 0 0 0 0 0 0 3 2 0 0 0/0 26:44 1:19 1:47
Ladislav Nagy 0 1 1 -1 2 1 2 0 0 0 0/0 18:39 0:00 0:21
Maxim Afinogenov 1 1 2 1 2 2 1 1 1 0 4/6 20:51 2:30 0:00
Mike Komisarek 0 1 1 0 0 2 1 2 1 2 0/0 25:00 0:00 1:47
Mike Lundin 0 1 1 -1 0 0 1 0 1 0 0/0 24:18 3:28 1:04
Patric Hornqvist 1 1 2 -1 0 5 1 0 0 1 0/1 17:52 1:59 0:00
Patrick Eaves 0 1 1 1 0 1 3 0 0 2 0/0 7:59 0:00 0:00
Stephen Weiss 1 3 4 -1 0 4 2 0 1 0 12/19 20:33 2:48 0:00
Vincent Lecavalier 2 0 2 1 0 4 1 0 0 0 11/22 20:14 1:45 0:33
3 Stars
1 - Andrei Markov (Phi)
2 - Ryane Clowe (Phi)
3 - Stephen Weiss (NJD)
Power Play
Flyers - 2 on 3 Attempt(s) - 66,67%
Devils - 3 on 6 Attempt(s) - 50,00%
Penalty Kill
Flyers - 3 on 6 Attempt(s) - 50,00%
- Score 0 goal in Penalty Kill
Devils - 1 on 3 Attempt(s) - 33,33%
- Score 0 goal in Penalty Kill
Official
Referees : VanMassenhoven Don and Ciamaga Chris
Linesman : Michel Cormier and Mark Wheler
Game Notes
No Game Note
Finance
Level 1 -- Attendance: 5968 (99,47%) -- Ticket Income 507 280 $
Level 2 -- Attendance: 5000 (100,00%) -- Ticket Income 260 000 $
Level 3 -- Attendance: 2000 (100,00%) -- Ticket Income 56 000 $
Level 4 -- Attendance: 3741 (93,53%) -- Ticket Income 74 820 $
Luxury Box -- Attendance: 980 (98,00%) -- Ticket Income 166 600 $
Game was played at the The prudential Center
Total Attendance: 17689 (98,27%)
Total Ticket Income: 1 064 700 $
Other Income: 159 705 $
Total Income: 1 224 405 $
Flyers
5 vs 5 Forward
Center Left Wing Right Wing Time % Phy DF OF
1 Sydney Crosby Derek Boogaard Martin St. Louis 40 1 2 2
2 Paul Gaustad Scottie Upshall Miroslav Satan 30 1 2 2
3 Jeff O'Neill Ryane Clowe Michael Ryder 25 1 2 2
4 Matthew Lombardi Petr Schastlivy Pascal Dupuis 5 1 2 2
5 vs 5 Defense
Defense Defense Time % Phy DF OF
1 Ladislav Smid Andrei Markov 40 1 2 2
2 Jonathan Ericsson Trevor Daley 30 1 2 2
3 Brett Lebda Scott Hannan 20 1 2 2
4 Jonathan Ericsson Andrei Markov 10 1 2 2
PowerPlay Forward
Center Left Wing Right Wing Time % Phy DF OF
1 Sydney Crosby Derek Boogaard Martin St. Louis 60 1 2 2
2 Paul Gaustad Ryane Clowe Miroslav Satan 40 1 2 2
PowerPlay Defense
Defense Defense Time % Phy DF OF
1 Jonathan Ericsson Andrei Markov 60 1 2 2
2 Trevor Daley Brett Lebda 40 1 2 2
Penalty Kill 4 Players Forward
Center Wing Time % Phy DF OF
1 Matthew Lombardi Pascal Dupuis 60 1 2 2
2 Jeff O'Neill Ryane Clowe 40 1 2 2
Penalty Kill 4 Players Defense
Defense Defense Time % Phy DF OF
1 Jonathan Ericsson Ladislav Smid 60 1 2 2
2 Trevor Daley Brett Lebda 40 1 2 2
Penalty Kill - 3 Players Forward
Forward Time % Phy DF OF
1 Matthew Lombardi 60 1 2 2
2 Jeff O'Neill 40 1 2 2
Penalty Kill - 3 Players Defense
Defense Defense Time % Phy DF OF
1 Jonathan Ericsson Ladislav Smid 60 1 2 2
2 Trevor Daley Brett Lebda 40 1 2 2
4 vs 4 Forward
Center Wing Time % Phy DF OF
1 Sydney Crosby Martin St. Louis 60 1 2 2
2 Paul Gaustad Miroslav Satan 40 1 2 2
4 vs 4 Defense
Defense Defense Time % Phy DF OF
1 Jonathan Ericsson Andrei Markov 60 1 2 2
2 Trevor Daley Brett Lebda 40 1 2 2
Last Minutes Offensive
Center Left Wing Right Wing Defense Defense
Sydney Crosby Derek Boogaard Martin St. Louis Jonathan Ericsson Andrei Markov
Last Minutes Defensive
Center Left Wing Right Wing Defense Defense
Matthew Lombardi Derek Boogaard Pascal Dupuis Jonathan Ericsson Ladislav Smid
Goaltenders
Starting : Antti Niemi
Backup : Chris Mason
Extra Forwards
Normal : Sydney Crosby, Martin St. Louis, Paul Gaustad - PP : Sydney Crosby, Paul Gaustad - PK : Matthew Lombardi
Extra Defensemen
Normal : Ladislav Smid, Scott Hannan, Trevor Daley - PP : Ladislav Smid - PK : Scott Hannan, Trevor Daley
Penalty Shots
Sydney Crosby, Jeff O'Neill, Miroslav Satan, Matthew Lombardi, Michael Ryder
Devils
5 vs 5 Forward
Center Left Wing Right Wing Time % Phy DF OF
1 Vincent Lecavalier Guillaume Latendresse Maxim Afinogenov 40 1 2 2
2 Stephen Weiss Ladislav Nagy Patric Hornqvist 30 1 2 2
3 Dustin Boyd Greg Stewart Antti Miettinen 20 1 2 2
4 Jason Arnott Chris Mcallister Patrick Eaves 10 1 2 2
5 vs 5 Defense
Defense Defense Time % Phy DF OF
1 Jay Bouwmeester Mike Komisarek 40 1 2 2
2 Ben Lovejoy Mike Lundin 30 1 2 2
3 Brad Ference Andrej Meszaros 20 1 2 2
4 Mike Lundin Brad Ference 10 1 2 2
PowerPlay Forward
Center Left Wing Right Wing Time % Phy DF OF
1 Stephen Weiss Greg Stewart Maxim Afinogenov 60 1 2 2
2 Vincent Lecavalier Guillaume Latendresse Patric Hornqvist 40 1 2 2
PowerPlay Defense
Defense Defense Time % Phy DF OF
1 Mike Lundin Andrej Meszaros 60 1 2 2
2 Jay Bouwmeester Ben Lovejoy 40 1 2 2
Penalty Kill 4 Players Forward
Center Wing Time % Phy DF OF
1 Jason Arnott Antti Miettinen 60 1 2 2
2 Vincent Lecavalier Greg Stewart 40 1 2 2
Penalty Kill 4 Players Defense
Defense Defense Time % Phy DF OF
1 Jay Bouwmeester Mike Komisarek 60 1 2 2
2 Brad Ference Mike Lundin 40 1 2 2
Penalty Kill - 3 Players Forward
Forward Time % Phy DF OF
1 Jason Arnott 60 1 2 2
2 Vincent Lecavalier 40 1 2 2
Penalty Kill - 3 Players Defense
Defense Defense Time % Phy DF OF
1 Brad Ference Mike Lundin 60 1 2 2
2 Mike Komisarek Jay Bouwmeester 40 1 2 2
4 vs 4 Forward
Center Wing Time % Phy DF OF
1 Jason Arnott Ladislav Nagy 60 1 2 2
2 Stephen Weiss Guillaume Latendresse 40 1 2 2
4 vs 4 Defense
Defense Defense Time % Phy DF OF
1 Brad Ference Mike Komisarek 60 1 2 2
2 Jay Bouwmeester Ben Lovejoy 40 1 2 2
Last Minutes Offensive
Center Left Wing Right Wing Defense Defense
Vincent Lecavalier Guillaume Latendresse Maxim Afinogenov Ben Lovejoy Jay Bouwmeester
Last Minutes Defensive
Center Left Wing Right Wing Defense Defense
Vincent Lecavalier Guillaume Latendresse Maxim Afinogenov Ben Lovejoy Jay Bouwmeester
Goaltenders
Starting : Viktor Fasth
Backup : Dan Ellis
Extra Forwards
Normal : Jason Arnott, Antti Miettinen, Ladislav Nagy - PP : Jason Arnott, Antti Miettinen - PK : Ladislav Nagy
Extra Defensemen
Normal : Mike Lundin, Mike Komisarek, Andrej Meszaros - PP : Mike Lundin - PK : Brad Ference, Ben Lovejoy
Penalty Shots
Vincent Lecavalier, Patric Hornqvist, Maxim Afinogenov, Stephen Weiss, Guillaume Latendresse
% Time on Ice - Flyers
Lines # - Real PCT - Wanted PCT - Time Play
Normal Forward
1 - 34% - 40% - 17:43
2 - 27% - 30% - 13:53
3 - 24% - 25% - 12:43
4 - 15% - 5% - 8:03
Normal Defense
1 - 36% - 40% - 19:04
2 - 26% - 30% - 13:27
3 - 29% - 20% - 15:23
4 - 9% - 10% - 4:28
PP Forward
1 - 55% - 60% - 1:34
2 - 45% - 40% - 1:17
PP Defense
1 - 70% - 60% - 1:59
2 - 30% - 40% - 0:52
PK Forward
1 - 81% - 60% - 3:15
2 - 19% - 40% - 0:46
PK Defense
1 - 71% - 60% - 2:52
2 - 29% - 40% - 1:09
PK3 Forward
1 - 81% - 60% - 2:05
2 - 19% - 40% - 0:30
PK3 Defense
1 - 58% - 60% - 1:30
2 - 42% - 40% - 1:05
44 Forward
1 - 96% - 60% - 3:04
2 - 4% - 40% - 0:07
44 Defense
1 - 52% - 60% - 1:40
2 - 48% - 40% - 1:31
Last Minute Offensive - 0:00
Last Minute Defensive - 0:00
Total
Forward - 65:00
Defense - 65:00
|
% Time on Ice - Devils
Lines # - Real PCT - Wanted PCT - Time Play
Normal Forward
1 - 35% - 40% - 18:07
2 - 31% - 30% - 16:20
3 - 19% - 20% - 9:56
4 - 15% - 10% - 7:59
Normal Defense
1 - 40% - 40% - 20:48
2 - 30% - 30% - 15:40
3 - 22% - 20% - 11:37
4 - 8% - 10% - 4:17
PP Forward
1 - 61% - 60% - 2:56
2 - 39% - 40% - 1:51
PP Defense
1 - 72% - 60% - 3:28
2 - 28% - 40% - 1:19
PK Forward
1 - 81% - 60% - 2:18
2 - 19% - 40% - 0:33
PK Defense
1 - 63% - 60% - 1:47
2 - 37% - 40% - 1:04
PK3 Forward
1 - 0% - 60%
2 - 0% - 40%
PK3 Defense
1 - 0% - 60%
2 - 0% - 40%
44 Forward
1 - 70% - 60% - 3:31
2 - 30% - 40% - 1:29
44 Defense
1 - 61% - 60% - 3:03
2 - 39% - 40% - 1:57
Last Minute Offensive - 0:00
Last Minute Defensive - 0:00
Total
Forward - 65:00
Defense - 65:00
|
Play by Play
1st period
0:01 of 1st period - Sydney Crosby wins face-off versus Vincent Lecavalier in neutral zone.
0:28 of 1st period - Snap shot by Patric Hornqvist.
0:28 of 1st period - Stopped by Antti Niemi with a rebound.
0:30 of 1st period - Snap shot by Stephen Weiss.
0:30 of 1st period - Shot Blocked by Scottie Upshall.
0:32 of 1st period - Slapshot by Mike Komisarek.
0:32 of 1st period - Stopped by Antti Niemi without a rebound.
0:33 of 1st period - Scottie Upshall wins face-off versus Dustin Boyd in Flyers zone.
1:00 of 1st period - Ben Lovejoy is hit by Trevor Daley and loses puck.
2:08 of 1st period - Wrist shot by Greg Stewart.
2:08 of 1st period - Stopped by Antti Niemi with a rebound.
2:10 of 1st period - Snap shot by Greg Stewart.
2:10 of 1st period - Shot Misses the Net.
2:12 of 1st period - Snap shot by Ben Lovejoy.
2:12 of 1st period - Stopped by Antti Niemi with a rebound.
2:28 of 1st period - Wrist shot by Jason Arnott.
2:28 of 1st period - Stopped by Antti Niemi with a rebound.
2:32 of 1st period - Slapshot by Chris Mcallister.
2:32 of 1st period - Stopped by Antti Niemi with a rebound.
2:48 of 1st period - Maxim Afinogenov is hit by Jonathan Ericsson and loses puck.
2:52 of 1st period - Icing by Maxim Afinogenov.
2:53 of 1st period - Vincent Lecavalier wins face-off versus Sydney Crosby in Devils zone.
3:04 of 1st period - Snap shot by Guillaume Latendresse.
3:04 of 1st period - Stopped by Antti Niemi without a rebound.
3:05 of 1st period - Jeff O'Neill wins face-off versus Stephen Weiss in Flyers zone.
3:05 of 1st period - Jeff O'Neill is hit by Ladislav Nagy.
3:44 of 1st period - Wrist shot by Guillaume Latendresse.
3:44 of 1st period - Shot Misses the Net.
3:56 of 1st period - Mike Komisarek is hit by Ladislav Smid and loses puck.
4:18 of 1st period - Jason Arnott is hit by Miroslav Satan and loses puck.
4:46 of 1st period - Wrist shot by Patric Hornqvist.
4:46 of 1st period - Shot Misses the Net.
4:56 of 1st period - Maxim Afinogenov is hit by Jeff O'Neill and loses puck.
5:17 of 1st period - Petr Schastlivy is hit by Dustin Boyd and loses puck.
5:30 of 1st period - Petr Schastlivy is hit by Antti Miettinen and loses puck.
5:41 of 1st period - Miroslav Satan is hit by Ladislav Nagy and loses puck.
6:15 of 1st period - Snap shot by Sydney Crosby.
6:15 of 1st period - Shot Hit the Post.
6:17 of 1st period - Snap shot by Ladislav Smid.
6:17 of 1st period - Stopped by Viktor Fasth without a rebound.
6:18 of 1st period - Jeff O'Neill wins face-off versus Maxim Afinogenov in Devils zone.
6:33 of 1st period - Jay Bouwmeester is hit by Jeff O'Neill.
7:08 of 1st period - Snap shot by Dustin Boyd.
7:08 of 1st period - Deflect By Greg Stewart.
7:08 of 1st period - Shot Blocked by Scottie Upshall.
7:08 of 1st period - Puck is out of play.
7:09 of 1st period - Vincent Lecavalier wins face-off versus Paul Gaustad in Flyers zone.
7:14 of 1st period - Wrist shot by Guillaume Latendresse.
7:14 of 1st period - Shot Misses the Net.
7:19 of 1st period - Off-side.
7:20 of 1st period - Vincent Lecavalier wins face-off versus Sydney Crosby in neutral zone.
7:49 of 1st period - Wrist shot by Miroslav Satan.
7:49 of 1st period - Shot Misses the Net.
7:59 of 1st period - Jay Bouwmeester is hit by Ladislav Smid and loses puck.
8:11 of 1st period - Minor Penalty to Michael Ryder for Hooking.
8:12 of 1st period - Greg Stewart wins face-off versus Matthew Lombardi in Flyers zone.
10:11 of 1st period - Penalty to Michael Ryder is over, Michael Ryder is back on ice.
10:20 of 1st period - Derek Boogaard is hit by Patrick Eaves and loses puck.
10:37 of 1st period - Snap shot by Paul Gaustad.
10:37 of 1st period - Stopped by Viktor Fasth with a rebound.
11:09 of 1st period - Icing by Patric Hornqvist.
11:10 of 1st period - Stephen Weiss wins face-off versus Paul Gaustad in Devils zone.
11:15 of 1st period - Wrist shot by Paul Gaustad.
11:15 of 1st period - Goal by Paul Gaustad - Flyers : 1 - Devils : 0.
11:16 of 1st period - Stephen Weiss wins face-off versus Sydney Crosby in neutral zone.
11:19 of 1st period - Snap shot by Patric Hornqvist.
11:19 of 1st period - Stopped by Antti Niemi without a rebound.
11:20 of 1st period - Martin St. Louis wins face-off versus Stephen Weiss in Flyers zone.
11:20 of 1st period - Martin St. Louis is hit by Ben Lovejoy.
11:32 of 1st period - Wrist shot by Stephen Weiss.
11:32 of 1st period - Stopped by Antti Niemi with a rebound.
11:50 of 1st period - Wrist shot by Michael Ryder.
11:50 of 1st period - Shot Misses the Net.
11:52 of 1st period - Snap shot by Jeff O'Neill.
11:52 of 1st period - Stopped by Viktor Fasth with a rebound.
11:54 of 1st period - Slapshot by Andrei Markov.
11:54 of 1st period - Stopped by Viktor Fasth without a rebound.
11:55 of 1st period - Paul Gaustad wins face-off versus Patric Hornqvist in Devils zone.
11:56 of 1st period - Wrist shot by Miroslav Satan.
11:56 of 1st period - Shot Misses the Net.
11:58 of 1st period - Slapshot by Scottie Upshall.
11:58 of 1st period - Shot Blocked by Mike Komisarek.
12:00 of 1st period - Slapshot by Jonathan Ericsson.
12:00 of 1st period - Deflect By Paul Gaustad.
12:00 of 1st period - Shot Misses the Net.
12:00 of 1st period - Puck is out of play.
12:01 of 1st period - Stephen Weiss wins face-off versus Paul Gaustad in Devils zone.
12:10 of 1st period - Snap shot by Miroslav Satan.
12:10 of 1st period - Deflect By Paul Gaustad.
12:10 of 1st period - Goal by Paul Gaustad - Flyers : 2 - Devils : 0.
12:11 of 1st period - Vincent Lecavalier wins face-off versus Sydney Crosby in neutral zone.
12:22 of 1st period - Andrei Markov is hit by Guillaume Latendresse.
13:07 of 1st period - Snap shot by Antti Miettinen.
13:07 of 1st period - Stopped by Antti Niemi with a rebound.
13:19 of 1st period - Snap shot by Jason Arnott.
13:19 of 1st period - Stopped by Antti Niemi with a rebound.
14:06 of 1st period - Slapshot by Patric Hornqvist.
14:06 of 1st period - Stopped by Antti Niemi with a rebound.
14:18 of 1st period - Wrist shot by Paul Gaustad.
14:18 of 1st period - Shot Misses the Net.
14:24 of 1st period - Slapshot by Greg Stewart.
14:24 of 1st period - Stopped by Antti Niemi without a rebound.
14:25 of 1st period - Sydney Crosby wins face-off versus Guillaume Latendresse in Flyers zone.
15:16 of 1st period - Wrist shot by Dustin Boyd.
15:16 of 1st period - Stopped by Antti Niemi with a rebound.
15:30 of 1st period - Ben Lovejoy is hit by Pascal Dupuis and loses puck.
16:23 of 1st period - Backhand shot by Ryane Clowe.
16:23 of 1st period - Stopped by Viktor Fasth without a rebound.
16:24 of 1st period - Vincent Lecavalier wins face-off versus Paul Gaustad in Devils zone.
17:13 of 1st period - Greg Stewart is hit by Ryane Clowe.
17:19 of 1st period - Backhand shot by Michael Ryder.
17:19 of 1st period - Stopped by Viktor Fasth without a rebound.
17:20 of 1st period - Jeff O'Neill wins face-off versus Vincent Lecavalier in Devils zone.
17:27 of 1st period - Slapshot by Ryane Clowe.
17:27 of 1st period - Stopped by Viktor Fasth without a rebound.
17:28 of 1st period - Sydney Crosby wins face-off versus Vincent Lecavalier in Devils zone.
17:29 of 1st period - Snap shot by Martin St. Louis.
17:29 of 1st period - Stopped by Viktor Fasth without a rebound.
17:30 of 1st period - Sydney Crosby wins face-off versus Maxim Afinogenov in Devils zone.
17:39 of 1st period - Derek Boogaard is hit by Vincent Lecavalier and loses puck.
18:09 of 1st period - Ladislav Smid is hit by Jay Bouwmeester and loses puck.
18:26 of 1st period - Snap shot by Andrei Markov.
18:26 of 1st period - Shot Misses the Net.
18:28 of 1st period - Slapshot by Andrei Markov.
18:28 of 1st period - Shot Misses the Net.
18:44 of 1st period - Wrist shot by Sydney Crosby.
18:44 of 1st period - Stopped by Viktor Fasth with a rebound.
18:48 of 1st period - Snap shot by Martin St. Louis.
18:48 of 1st period - Stopped by Viktor Fasth with a rebound.
18:50 of 1st period - Wrist shot by Martin St. Louis.
18:50 of 1st period - Stopped by Viktor Fasth with a rebound.
18:52 of 1st period - Wrist shot by Jonathan Ericsson.
18:52 of 1st period - Shot Hit the Post.
19:14 of 1st period - Slapshot by Vincent Lecavalier.
19:14 of 1st period - Stopped by Antti Niemi without a rebound.
19:15 of 1st period - Stephen Weiss wins face-off versus Sydney Crosby in Flyers zone.
19:18 of 1st period - Slapshot by Patric Hornqvist.
19:18 of 1st period - Goal by Patric Hornqvist - Flyers : 2 - Devils : 1.
19:19 of 1st period - Maxim Afinogenov wins face-off versus Sydney Crosby in neutral zone.
19:54 of 1st period - Scottie Upshall is hit by Jay Bouwmeester and loses puck.
Goals for this period are 2 for Flyers vs 1 for Devils.
Shots for this period are 13 for Flyers vs 16 for Devils.
2nd period
0:01 of 2nd period - Sydney Crosby wins face-off versus Vincent Lecavalier in neutral zone.
0:26 of 2nd period - Ladislav Nagy is hit by Michael Ryder and loses puck.
1:16 of 2nd period - Scott Hannan is hit by Jason Arnott and loses puck.
1:48 of 2nd period - Andrei Markov is hit by Guillaume Latendresse and loses puck.
1:57 of 2nd period - Andrei Markov is hit by Maxim Afinogenov and loses puck.
2:10 of 2nd period - Wrist shot by Petr Schastlivy.
2:10 of 2nd period - Stopped by Viktor Fasth without a rebound.
2:11 of 2nd period - Stephen Weiss wins face-off versus Sydney Crosby in Devils zone.
2:18 of 2nd period - Sydney Crosby is hit by Mike Komisarek and loses puck.
3:22 of 2nd period - Snap shot by Ladislav Nagy.
3:22 of 2nd period - Shot Blocked by Sydney Crosby.
3:56 of 2nd period - Brad Ference is hit by Paul Gaustad and loses puck.
4:04 of 2nd period - Minor Penalty to Andrej Meszaros for Interference.
4:05 of 2nd period - Jason Arnott wins face-off versus Martin St. Louis in Devils zone.
4:15 of 2nd period - Slapshot by Jonathan Ericsson.
4:15 of 2nd period - Shot Misses the Net.
4:17 of 2nd period - Slapshot by Andrei Markov.
4:17 of 2nd period - Shot Misses the Net.
4:19 of 2nd period - Slapshot by Andrei Markov.
4:19 of 2nd period - Stopped by Viktor Fasth with a rebound.
4:21 of 2nd period - Snap shot by Derek Boogaard.
4:21 of 2nd period - Stopped by Viktor Fasth with a rebound.
6:04 of 2nd period - Penalty to Andrej Meszaros is over, Andrej Meszaros is back on ice.
6:23 of 2nd period - Snap shot by Stephen Weiss.
6:23 of 2nd period - Shot Blocked by Brett Lebda.
6:27 of 2nd period - Snap shot by Stephen Weiss.
6:27 of 2nd period - Shot Misses the Net.
6:29 of 2nd period - Wrist shot by Stephen Weiss.
6:29 of 2nd period - Shot Misses the Net.
7:02 of 2nd period - Andrej Meszaros is hit by Sydney Crosby.
8:18 of 2nd period - Trevor Daley is hit by Dustin Boyd and loses puck.
8:39 of 2nd period - Ladislav Smid is hit by Ben Lovejoy and loses puck.
8:54 of 2nd period - Scottie Upshall is hit by Mike Lundin and loses puck.
9:11 of 2nd period - Miroslav Satan is hit by Guillaume Latendresse.
9:27 of 2nd period - Paul Gaustad is hit by Antti Miettinen and loses puck.
9:36 of 2nd period - Greg Stewart is hit by Paul Gaustad and loses puck.
9:51 of 2nd period - Derek Boogaard is hit by Stephen Weiss and loses puck.
10:20 of 2nd period - Scott Hannan is hit by Guillaume Latendresse and loses puck.
10:31 of 2nd period - Jason Arnott is hit by Scott Hannan and loses puck.
10:38 of 2nd period - Pascal Dupuis is hit by Patrick Eaves and loses puck.
11:12 of 2nd period - Michael Ryder is hit by Stephen Weiss and loses puck.
12:09 of 2nd period - Matthew Lombardi is hit by Jason Arnott and loses puck.
12:36 of 2nd period - Off-side.
12:37 of 2nd period - Sydney Crosby wins face-off versus Vincent Lecavalier in neutral zone.
13:12 of 2nd period - Off-side.
13:13 of 2nd period - Paul Gaustad wins face-off versus Vincent Lecavalier in neutral zone.
13:26 of 2nd period - Snap shot by Vincent Lecavalier.
13:26 of 2nd period - Shot Blocked by Paul Gaustad.
13:28 of 2nd period - Snap shot by Vincent Lecavalier.
13:28 of 2nd period - Stopped by Antti Niemi with a rebound.
13:38 of 2nd period - Jay Bouwmeester is hit by Derek Boogaard and loses puck.
14:11 of 2nd period - Backhand shot by Dustin Boyd.
14:11 of 2nd period - Shot Blocked by Jonathan Ericsson.
14:13 of 2nd period - Wrist shot by Dustin Boyd.
14:13 of 2nd period - Shot Misses the Net.
14:15 of 2nd period - Slapshot by Brad Ference.
14:15 of 2nd period - Shot Blocked by Andrei Markov.
14:35 of 2nd period - Slapshot by Matthew Lombardi.
14:35 of 2nd period - Stopped by Viktor Fasth with a rebound.
14:58 of 2nd period - Snap shot by Patrick Eaves.
14:58 of 2nd period - Shot Misses the Net.
15:18 of 2nd period - Slapshot by Sydney Crosby.
15:18 of 2nd period - Shot Misses the Net.
16:40 of 2nd period - Wrist shot by Ladislav Nagy.
16:40 of 2nd period - Stopped by Antti Niemi without a rebound.
16:41 of 2nd period - Paul Gaustad wins face-off versus Stephen Weiss in Flyers zone.
17:14 of 2nd period - Wrist shot by Maxim Afinogenov.
17:14 of 2nd period - Deflect By Sydney Crosby.
17:14 of 2nd period - Shot Misses the Net.
17:14 of 2nd period - Puck is out of play.
17:15 of 2nd period - Paul Gaustad wins face-off versus Vincent Lecavalier in Flyers zone.
17:30 of 2nd period - Wrist shot by Scottie Upshall.
17:30 of 2nd period - Shot Blocked by Mike Komisarek.
17:42 of 2nd period - Brett Lebda is hit by Ben Lovejoy and loses puck.
18:11 of 2nd period - Wrist shot by Ryane Clowe.
18:11 of 2nd period - Deflect By Jeff O'Neill.
18:11 of 2nd period - Shot Blocked by Ben Lovejoy.
18:11 of 2nd period - Puck is out of play.
18:12 of 2nd period - Jeff O'Neill wins face-off versus Vincent Lecavalier in Devils zone.
18:15 of 2nd period - Slapshot by Ryane Clowe.
18:15 of 2nd period - Stopped by Viktor Fasth with a rebound.
18:22 of 2nd period - Minor Penalty to Maxim Afinogenov for High sticking.
18:23 of 2nd period - Jason Arnott wins face-off versus Sydney Crosby in Devils zone.
18:23 of 2nd period - Jason Arnott is hit by Derek Boogaard.
18:34 of 2nd period - Slapshot by Andrei Markov.
18:34 of 2nd period - Shot Blocked by Jay Bouwmeester.
18:36 of 2nd period - Slapshot by Jonathan Ericsson.
18:36 of 2nd period - Shot Blocked by Jay Bouwmeester.
18:38 of 2nd period - Wrist shot by Derek Boogaard.
18:38 of 2nd period - Shot Misses the Net.
18:58 of 2nd period - Slapshot by Andrei Markov.
18:58 of 2nd period - Goal by Andrei Markov - Flyers : 3 - Devils : 1.
18:59 of 2nd period - Sydney Crosby wins face-off versus Guillaume Latendresse in neutral zone.
19:15 of 2nd period - Off-side.
19:16 of 2nd period - Paul Gaustad wins face-off versus Stephen Weiss in neutral zone.
Goals for this period are 1 for Flyers vs 0 for Devils.
Shots for this period are 6 for Flyers vs 2 for Devils.
3rd period
0:01 of 3rd period - Sydney Crosby wins face-off versus Vincent Lecavalier in neutral zone.
0:42 of 3rd period - Minor Penalty to Ladislav Nagy for High sticking.
0:43 of 3rd period - Martin St. Louis wins face-off versus Jason Arnott in Devils zone.
0:46 of 3rd period - Snap shot by Derek Boogaard.
0:46 of 3rd period - Deflect By Sydney Crosby.
0:46 of 3rd period - Shot Misses the Net.
0:46 of 3rd period - Puck is out of play.
0:47 of 3rd period - Jason Arnott wins face-off versus Sydney Crosby in Devils zone.
0:52 of 3rd period - Slapshot by Antti Miettinen.
0:52 of 3rd period - Shot Misses the Net.
0:58 of 3rd period - Slapshot by Andrei Markov.
0:58 of 3rd period - Goal by Andrei Markov - Flyers : 4 - Devils : 1.
0:59 of 3rd period - Guillaume Latendresse wins face-off versus Sydney Crosby in neutral zone.
2:08 of 3rd period - Snap shot by Derek Boogaard.
2:08 of 3rd period - Shot Misses the Net.
2:57 of 3rd period - Wrist shot by Guillaume Latendresse.
2:57 of 3rd period - Shot Misses the Net.
2:59 of 3rd period - Snap shot by Vincent Lecavalier.
2:59 of 3rd period - Deflect By Maxim Afinogenov.
2:59 of 3rd period - Stopped by Antti Niemi with a rebound.
3:01 of 3rd period - Slapshot by Guillaume Latendresse.
3:01 of 3rd period - Stopped by Antti Niemi with a rebound.
3:03 of 3rd period - Slapshot by Ben Lovejoy.
3:03 of 3rd period - Stopped by Antti Niemi without a rebound.
3:04 of 3rd period - Sydney Crosby wins face-off versus Stephen Weiss in Flyers zone.
3:31 of 3rd period - Derek Boogaard is hit by Chris Mcallister and loses puck.
3:40 of 3rd period - Backhand shot by Jason Arnott.
3:40 of 3rd period - Shot Blocked by Sydney Crosby.
3:42 of 3rd period - Snap shot by Patrick Eaves.
3:42 of 3rd period - Shot Misses the Net.
3:44 of 3rd period - Slapshot by Mike Komisarek.
3:44 of 3rd period - Deflect By Chris Mcallister.
3:44 of 3rd period - Goal by Chris Mcallister - Flyers : 4 - Devils : 2.
3:45 of 3rd period - Vincent Lecavalier wins face-off versus Paul Gaustad in neutral zone.
3:57 of 3rd period - Minor Penalty to Trevor Daley for Interference.
3:58 of 3rd period - Stephen Weiss wins face-off versus Pascal Dupuis in Flyers zone.
3:58 of 3rd period - Slapshot by Maxim Afinogenov.
3:58 of 3rd period - Goal by Maxim Afinogenov - Flyers : 4 - Devils : 3.
3:59 of 3rd period - Maxim Afinogenov wins face-off versus Sydney Crosby in neutral zone.
4:02 of 3rd period - Trevor Daley is hit by Jay Bouwmeester and loses puck.
5:06 of 3rd period - Trevor Daley is hit by Antti Miettinen and loses puck.
5:16 of 3rd period - Icing by Jeff O'Neill.
5:17 of 3rd period - Jeff O'Neill wins face-off versus Vincent Lecavalier in Flyers zone.
5:43 of 3rd period - Snap shot by Chris Mcallister.
5:43 of 3rd period - Shot Misses the Net.
5:49 of 3rd period - Mike Lundin is hit by Ryane Clowe.
6:09 of 3rd period - Jeff O'Neill is hit by Patrick Eaves and loses puck.
6:28 of 3rd period - Slapshot by Michael Ryder.
6:28 of 3rd period - Stopped by Viktor Fasth with a rebound.
6:34 of 3rd period - Wrist shot by Ryane Clowe.
6:34 of 3rd period - Stopped by Viktor Fasth with a rebound.
6:36 of 3rd period - Wrist shot by Michael Ryder.
6:36 of 3rd period - Stopped by Viktor Fasth without a rebound.
6:37 of 3rd period - Vincent Lecavalier wins face-off versus Sydney Crosby in Devils zone.
7:14 of 3rd period - Scottie Upshall is hit by Patric Hornqvist and loses puck.
8:21 of 3rd period - Slapshot by Sydney Crosby.
8:21 of 3rd period - Deflect By Mike Lundin.
8:21 of 3rd period - Shot Misses the Net.
8:21 of 3rd period - Puck is out of play.
8:22 of 3rd period - Jason Arnott wins face-off versus Sydney Crosby in Devils zone.
8:27 of 3rd period - Snap shot by Patrick Eaves.
8:27 of 3rd period - Stopped by Antti Niemi without a rebound.
8:28 of 3rd period - Martin St. Louis wins face-off versus Vincent Lecavalier in Flyers zone.
8:37 of 3rd period - Wrist shot by Sydney Crosby.
8:37 of 3rd period - Deflect By Derek Boogaard.
8:37 of 3rd period - Shot Misses the Net.
8:37 of 3rd period - Puck is out of play.
8:38 of 3rd period - Maxim Afinogenov wins face-off versus Sydney Crosby in Devils zone.
8:50 of 3rd period - Off-side.
8:51 of 3rd period - Vincent Lecavalier wins face-off versus Sydney Crosby in neutral zone.
9:02 of 3rd period - Wrist shot by Martin St. Louis.
9:02 of 3rd period - Shot Blocked by Maxim Afinogenov.
9:08 of 3rd period - Jay Bouwmeester is hit by Sydney Crosby.
9:23 of 3rd period - Snap shot by Stephen Weiss.
9:23 of 3rd period - Stopped by Antti Niemi without a rebound.
9:24 of 3rd period - Stephen Weiss wins face-off versus Paul Gaustad in Flyers zone.
9:25 of 3rd period - Snap shot by Ladislav Nagy.
9:25 of 3rd period - Deflect By Patric Hornqvist.
9:25 of 3rd period - Stopped by Antti Niemi with a rebound.
9:26 of 3rd period - Double Minor Penalty to Paul Gaustad for Slashing.
9:27 of 3rd period - Stephen Weiss wins face-off versus Matthew Lombardi in Flyers zone.
9:42 of 3rd period - Snap shot by Stephen Weiss.
9:42 of 3rd period - Goal by Stephen Weiss - Flyers : 4 - Devils : 4.
9:43 of 3rd period - Stephen Weiss wins face-off versus Matthew Lombardi in neutral zone.
10:04 of 3rd period - Minor Penalty to Jonathan Ericsson for Hooking.
10:05 of 3rd period - Maxim Afinogenov wins face-off versus Matthew Lombardi in Flyers zone.
10:16 of 3rd period - Snap shot by Stephen Weiss.
10:16 of 3rd period - Shot Misses the Net.
10:38 of 3rd period - Icing by Andrej Meszaros.
10:39 of 3rd period - Vincent Lecavalier wins face-off versus Matthew Lombardi in Devils zone.
10:50 of 3rd period - Snap shot by Vincent Lecavalier.
10:50 of 3rd period - Goal by Vincent Lecavalier - Flyers : 4 - Devils : 5.
10:51 of 3rd period - Stephen Weiss wins face-off versus Matthew Lombardi in neutral zone.
12:03 of 3rd period - Icing by Jay Bouwmeester.
12:04 of 3rd period - Penalty to Jonathan Ericsson is over, Jonathan Ericsson is back on ice.
12:04 of 3rd period - Sydney Crosby wins face-off versus Stephen Weiss in Devils zone.
13:04 of 3rd period - Snap shot by Ryane Clowe.
13:04 of 3rd period - Goal by Ryane Clowe - Flyers : 5 - Devils : 5.
13:05 of 3rd period - Stephen Weiss wins face-off versus Sydney Crosby in neutral zone.
13:05 of 3rd period - Mike Lundin is hit by Sydney Crosby and loses puck.
13:35 of 3rd period - Backhand shot by Vincent Lecavalier.
13:35 of 3rd period - Goal by Vincent Lecavalier - Flyers : 5 - Devils : 6.
13:36 of 3rd period - Vincent Lecavalier wins face-off versus Sydney Crosby in neutral zone.
13:39 of 3rd period - Snap shot by Mike Komisarek.
13:39 of 3rd period - Stopped by Antti Niemi with a rebound.
14:38 of 3rd period - Stephen Weiss is hit by Paul Gaustad and loses puck.
14:59 of 3rd period - Wrist shot by Antti Miettinen.
14:59 of 3rd period - Stopped by Antti Niemi with a rebound.
15:37 of 3rd period - Snap shot by Michael Ryder.
15:37 of 3rd period - Stopped by Viktor Fasth with a rebound.
15:39 of 3rd period - Snap shot by Michael Ryder.
15:39 of 3rd period - Deflect By Ladislav Nagy.
15:39 of 3rd period - Shot Misses the Net.
15:39 of 3rd period - Puck is out of play.
15:40 of 3rd period - Jeff O'Neill wins face-off versus Dustin Boyd in Devils zone.
15:56 of 3rd period - Off-side.
15:57 of 3rd period - Vincent Lecavalier wins face-off versus Sydney Crosby in neutral zone.
16:49 of 3rd period - Patric Hornqvist is hit by Miroslav Satan and loses puck.
18:38 of 3rd period - Wrist shot by Pascal Dupuis.
18:38 of 3rd period - Stopped by Viktor Fasth without a rebound.
18:39 of 3rd period - Dustin Boyd wins face-off versus Ryane Clowe in Devils zone.
18:48 of 3rd period - Wrist shot by Ryane Clowe.
18:48 of 3rd period - Goal by Ryane Clowe - Flyers : 6 - Devils : 6.
18:49 of 3rd period - Jeff O'Neill wins face-off versus Dustin Boyd in neutral zone.
18:56 of 3rd period - Snap shot by Ryane Clowe.
18:56 of 3rd period - Shot Misses the Net.
18:58 of 3rd period - Slapshot by Andrei Markov.
18:58 of 3rd period - Stopped by Viktor Fasth without a rebound.
18:59 of 3rd period - Greg Stewart wins face-off versus Jeff O'Neill in Devils zone.
19:04 of 3rd period - Wrist shot by Ryane Clowe.
19:04 of 3rd period - Stopped by Viktor Fasth without a rebound.
19:05 of 3rd period - Dustin Boyd wins face-off versus Jeff O'Neill in Devils zone.
19:12 of 3rd period - Snap shot by Jay Bouwmeester.
19:12 of 3rd period - Shot Misses the Net.
19:16 of 3rd period - Backhand shot by Antti Miettinen.
19:16 of 3rd period - Stopped by Antti Niemi with a rebound.
19:18 of 3rd period - Wrist shot by Antti Miettinen.
19:18 of 3rd period - Shot Blocked by Ryane Clowe.
19:20 of 3rd period - Wrist shot by Antti Miettinen.
19:20 of 3rd period - Stopped by Antti Niemi with a rebound.
19:49 of 3rd period - Minor Penalty to Scottie Upshall for Hooking.
19:50 of 3rd period - Matthew Lombardi wins face-off versus Stephen Weiss in Flyers zone.
19:57 of 3rd period - Off-side.
19:58 of 3rd period - Stephen Weiss wins face-off versus Matthew Lombardi in neutral zone.
Goals for this period are 3 for Flyers vs 5 for Devils.
Shots for this period are 10 for Flyers vs 15 for Devils.
Overtime #1
0:01 of 1st overtime period - Jason Arnott wins face-off versus Matthew Lombardi in neutral zone.
0:06 of 1st overtime period - Slapshot by Matthew Lombardi.
0:06 of 1st overtime period - Stopped by Viktor Fasth without a rebound.
0:07 of 1st overtime period - Jason Arnott wins face-off versus Matthew Lombardi in Devils zone.
1:03 of 1st overtime period - Slapshot by Trevor Daley.
1:03 of 1st overtime period - Stopped by Viktor Fasth without a rebound.
1:04 of 1st overtime period - Jason Arnott wins face-off versus Matthew Lombardi in Devils zone.
1:49 of 1st overtime period - Penalty to Scottie Upshall is over, Scottie Upshall is back on ice.
2:41 of 1st overtime period - Wrist shot by Paul Gaustad.
2:41 of 1st overtime period - Deflect By Jay Bouwmeester.
2:41 of 1st overtime period - Stopped by Viktor Fasth with a rebound.
2:59 of 1st overtime period - Ben Lovejoy is hit by Trevor Daley and loses puck.
4:17 of 1st overtime period - Slapshot by Stephen Weiss.
4:17 of 1st overtime period - Stopped by Antti Niemi without a rebound.
4:18 of 1st overtime period - Jason Arnott wins face-off versus Sydney Crosby in Flyers zone.
Goals for this period are 0 for Flyers vs 0 for Devils.
Shots for this period are 3 for Flyers vs 1 for Devils.
ShootOut
5:00 of 1st overtime period - Penalty Shot by Sydney Crosby for Flyers.
5:00 of 1st overtime period - Snap shot by Sydney Crosby.
5:00 of 1st overtime period - Goal by Sydney Crosby.
5:00 of 1st overtime period - Penalty Shot by Vincent Lecavalier for Devils.
5:00 of 1st overtime period - Deke by Vincent Lecavalier.
5:00 of 1st overtime period - Stopped by Antti Niemi.
5:00 of 1st overtime period - Penalty Shot by Jeff O'Neill for Flyers.
5:00 of 1st overtime period - Backhand shot by Jeff O'Neill.
5:00 of 1st overtime period - Stopped by Viktor Fasth.
5:00 of 1st overtime period - Penalty Shot by Patric Hornqvist for Devils.
5:00 of 1st overtime period - Wrist shot by Patric Hornqvist.
5:00 of 1st overtime period - Goal by Patric Hornqvist.
5:00 of 1st overtime period - Penalty Shot by Miroslav Satan for Flyers.
5:00 of 1st overtime period - Wrist shot by Miroslav Satan.
5:00 of 1st overtime period - Stopped by Viktor Fasth.
5:00 of 1st overtime period - Penalty Shot by Maxim Afinogenov for Devils.
5:00 of 1st overtime period - Deke by Maxim Afinogenov.
5:00 of 1st overtime period - Shot Misses the Net.
5:00 of 1st overtime period - Penalty Shot by Matthew Lombardi for Flyers.
5:00 of 1st overtime period - Backhand shot by Matthew Lombardi.
5:00 of 1st overtime period - Stopped by Viktor Fasth.
5:00 of 1st overtime period - Penalty Shot by Stephen Weiss for Devils.
5:00 of 1st overtime period - Wrist shot by Stephen Weiss.
5:00 of 1st overtime period - Stopped by Antti Niemi.
5:00 of 1st overtime period - Penalty Shot by Michael Ryder for Flyers.
5:00 of 1st overtime period - Wrist shot by Michael Ryder.
5:00 of 1st overtime period - Stopped by Viktor Fasth.
5:00 of 1st overtime period - Penalty Shot by Guillaume Latendresse for Devils.
5:00 of 1st overtime period - Wrist shot by Guillaume Latendresse.
5:00 of 1st overtime period - Goal by Guillaume Latendresse.
Output by the SimonT Hockey Simulator (STHS) for François Prévost -- Original Page W3C XHTML 1.0 Valid